 Dungeon Crawl Stone Soup version 0.24.0-13-gcf9b3192b9 (webtiles) character file.

Game seed: 13888026106908157457, levelgen mode: deterministic

19371 FishyPogo the Warrior (level 12, -6/122 HPs)
             Began as a Minotaur Berserker on Nov 10, 2019.
             Was a High Priest of Trog.
             Killed by divine providence
             ... invoked by an orc priest
              (12 damage)
             ... on level 14 of the Dungeon.
             The game lasted 00:31:57 (10102 turns).

FishyPogo the Warrior (Minotaur Berserker)         Turns: 10102, Time: 00:32:00

Health: -6/122     AC:  9    Str: 24    XL:     12   Next: 35%
Magic:  11/11      EV: 16    Int:  4    God:    Trog [*****.]
Gold:   718        SH:  6    Dex: 13    Spells: 11/11 levels left

rFire    . . .     SeeInvis +   d - +1 hand axe (flame)
rCold    . . .     Gourm    .   g - +1 buckler
rNeg     . . .     Faith    .   u - +0 ring mail
rPois    +         Spirit   .   (helmet restricted)
rElec    .         Reflect  .   v - +0 cloak
rCorr    .         Harm     .   w - +0 pair of gloves
MR       .....                  (no boots)
Stlth    +.........             (no amulet)
HPRegen  0.30/turn              r - ring of see invisible
MPRegen  0.12/turn              o - ring of poison resistance

@: about to teleport, berserk cooldown, slowed, very slow
A: retaliatory headbutt, horns 2
a: Berserk, Trog's Hand, Brothers in Arms, Renounce Religion


You were on level 14 of the Dungeon.
You worshipped Trog.
Trog was extremely pleased with you.
You were hungry.

You visited 1 branch of the dungeon, and saw 13 of its levels.
You also visited: Sewer.

You collected 718 gold pieces.

Inventory:

Hand Weapons
 d - a +1 hand axe of flaming (weapon)
 H - the +1 falchion "Dungugg" {freeze, rElec}
   (You found it on level 8 of the Dungeon)

   It has been specially enchanted to freeze those struck by it, causing extra
   injury to most foes and up to half again as much damage against particularly
   susceptible opponents.
   It can also slow down cold-blooded creatures.
   It insulates you from electricity.
 P - a +2 demon blade of electrocution
Missiles
 i - 339 stones
 G - 10 boomerangs
 K - 3 throwing nets
 L - 7 datura-tipped darts
 N - 20 poisoned darts (quivered)
Armour
 g - a +1 buckler (worn)
 u - a +0 ring mail (worn)
 v - a +0 cloak (worn)
 w - a +0 pair of gloves (worn)
Jewellery
 o - a ring of poison resistance (right hand)
 r - a ring of see invisible (left hand)
 E - the ring "Ranyg" {+Inv rPois MR- EV+4 Dex-3}
   (You found it on level 7 of the Dungeon)

   [ring of evasion]

   It affects your evasion (+4).
   It affects your dexterity (-3).
   It protects you from poison.
   It affects your resistance to hostile enchantments.
   It lets you turn invisible.
 J - an uncursed ring of flight
Wands
 a - a wand of acid (9)
 b - a wand of random effects (16)
 F - a wand of flame (22)
Scrolls
 f - 7 scrolls of magic mapping
 j - 5 scrolls of remove curse
 l - a scroll of enchant armour
 s - 3 scrolls of fear
 t - 10 scrolls of identify {unknown}
 x - 4 scrolls of random uselessness {unknown}
 y - 3 scrolls of blinking
 z - a scroll of teleportation
 C - a scroll of holy word {unknown}
 D - 2 scrolls of amnesia {unknown}
 I - a scroll of silence {unknown}
 Q - a scroll of torment {unknown}
Potions
 e - a potion of curing {unknown}
 h - 3 potions of haste {unknown}
 k - 2 potions of brilliance
 m - 2 potions of might {unknown}
 n - 2 potions of agility {unknown}
 p - 2 potions of degeneration
 q - 3 potions of heal wounds
 A - a potion of flight
 B - a potion of mutation {unknown}
 M - a potion of ambrosia {unknown}
Comestibles
 c - 25 rations
 O - 12 chunks of flesh


   Skills:
 + Level 15.9 Fighting
 - Level 2.3 Long Blades
 - Level 10.5(10.9) Axes
   Level 4.2(8.0) Polearms
 - Level 5.0 Throwing
 + Level 8.9 Armour
 + Level 8.2 Dodging
 + Level 5.0 Shields


You had 11 spell levels left.
You didn't know any spells.
Your spell library was empty.

Dungeon Overview and Level Annotations

Branches:
Dungeon (12/15)            Temple (0/1) D:6            Lair (0/6) D:8
    Orc (0/2) D:12          Sewer (visited)

Altars:
Cheibriados
Dithmenos
Elyvilon
Fedhas
Hepliaklqana
Kikubaaqudgha
Nemelex Xobeh
Okawaru
Qazlal
Ru
Trog
Uskayaw
Vehumet
Xom
Zin
Beogh

Shops:
D:5 (   D:8 %   D:11 (

Annotations:
D:9 3 runed translucent doors, Neunof's ghost, novice GrMo
D:14 Rupert


Innate Abilities, Weirdness & Mutations

You reflexively headbutt those who attack you in melee.
You have a pair of horns on your head.


Message History

Rupert hits you with a +5 executioner's axe of flaming!!!
* * * LOW HITPOINT WARNING * * *
Rupert burns you.
* * * LOW HITPOINT WARNING * * *
You block the orc priest's attack. The orc priest barely misses you.
You furiously retaliate!
You headbutt the orc priest.
Rupert hits you with a +5 executioner's axe of flaming!
* * * LOW HITPOINT WARNING * * *
Rupert burns you.
* * * LOW HITPOINT WARNING * * *
The orc priest closely misses you. You furiously retaliate!
You headbutt the orc priest.
As you read the scroll of teleportation, it crumbles to dust.
You feel strangely unstable.
The centaur warrior skeleton hits you but does no damage.
You block Rupert's attack. The orc priest barely misses you.
The centaur warrior skeleton completely misses you.
The orc priest calls down the wrath of Beogh upon you.
Beogh smites you!
You die...

.# .#
........# Q#
#.......# .#
#.......#
#.#
#.......#
..#
#.......#
###
#.......#
##..Z....#
#..)o@...#
#...@o...###
#
#.(........#
#
##########.#
# # # # # #


You could see Rupert (berserk), 2 orc priests and a centaur warrior skeleton.

Vanquished Creatures
  A hydra (D:12)
  Harold (D:8)
  2 centaur warriors
  A catoblepas (D:12)
  2 two-headed ogres (D:8)
  A slime creature (D:12)
  3 unseen horrors
  A manticore (D:12)
  A deep elf mage (D:10)
  A wolf spider (D:10)
  A gargoyle (D:11)
  A redback zombie (D:14)
  3 trolls
  A queen bee (D:12)
  4 hippogriffs
  Prince Ribbit (D:6)
  5 yaks (D:9)
  A shadow (D:11)
  Sigmund (D:6)
  3 wyverns
  A basilisk (D:12)
  Eustachio (D:5)
  3 hungry ghosts
  A water moccasin (D:8)
  5 orc warriors
  Purgy (D:4)
  2 black bears
  5 ice beasts
  2 phantoms
  A hornet zombie (D:12)
  4 sky beasts
  5 ogres
  5 centaurs
  3 crocodiles
  9 bullfrogs
  2 big kobolds
  18 killer bees
  2 troll zombies (D:12)
  A howler monkey (D:10)
  4 crimson imps
  3 bullfrog zombies
  2 centaur zombies
  2 quasits
  3 hounds
  6 orc priests
  3 jellies
  2 centaur skeletons
  4 iguanas
  Terence (D:2)
  10 orc wizards
  6 worker ants
  6 ogre zombies (D:12)
  3 hound skeletons
  4 gnolls (D:7)
  16 adders
  3 shadow imps
  An ooze (D:2)
  2 adder skeletons
  An adder zombie (D:7)
  2 worms
  A dart slug (D:1)
  8 leopard geckos
  30 orcs
  A ball python (D:7)
  6 bats
  9 giant cockroaches
  6 goblins
  5 hobgoblins
  9 jackals
  5 quokkas
  9 frilled lizards
  A goblin skeleton (D:12)
  4 goblin zombies (D:12)
  A hobgoblin skeleton (D:12)
  2 hobgoblin zombies (D:12)
  14 kobolds
  A leopard gecko zombie (D:6)
  An orc skeleton (D:12)
  16 orc zombies (D:12)
  A quokka zombie (D:5)
  7 rats
327 creatures vanquished.

Vanquished Creatures (collateral kills)
  A cyclops (D:11)
  A gargoyle (D:11)
  An orc warrior (D:11)
  An orc (D:11)
4 creatures vanquished.

Vanquished Creatures (others)
  A fungus (D:8)
1 creature vanquished.

Grand Total: 332 creatures vanquished

Notes
Turn   | Place    | Note
-------+----------+-------------------------------------------
     0 | D:1      | FishyPogo the Minotaur Berserker began the quest for the
                  | Orb.
     0 | D:1      | Reached XP level 1. HP: 19/19 MP: 0/0
    88 | D:1      | Reached XP level 2. HP: 20/27 MP: 1/1
   467 | D:1      | Reached skill level 4 in Fighting
   757 | D:2      | Noticed Terence
   764 | D:2      | Killed Terence
   764 | D:2      | Reached skill level 1 in Shields
   764 | D:2      | Reached XP level 3. HP: 34/34 MP: 2/2
   885 | D:2      | Reached XP level 4. HP: 34/41 MP: 3/3
   889 | D:2      | Reached ** piety under Trog
  1509 | D:3      | Found a shimmering blue altar of Sif Muna.
  1511 | D:3      | Found a sacrificial altar of Ru.
  1511 | D:3      | Found a shadowy altar of Dithmenos.
  1513 | D:3      | Found a shadowy altar of Dithmenos.
  1513 | D:3      | Found a shimmering altar of Xom.
  1513 | D:3      | Found a snail-covered altar of Cheibriados.
  1816 | D:3      | Reached skill level 5 in Fighting
  2047 | D:3      | Found a snail-covered altar of Cheibriados.
  2228 | D:4      | Reached skill level 1 in Axes
  2228 | D:4      | Reached XP level 5. HP: 48/48 MP: 4/4
  2541 | D:4      | Reached *** piety under Trog
  2686 | D:4      | Noticed Purgy
  2692 | D:4      | Killed Purgy
  2692 | D:4      | Reached XP level 6. HP: 56/56 MP: 5/5
  2813 | D:5      | Entered Level 5 of the Dungeon
  2816 | D:5      | Noticed a sky beast
  2823 | D:5      | Killed a sky beast
  2862 | D:5      | Noticed an ice beast
  2864 | D:5      | Noticed Eustachio
  2876 | D:5      | Killed an ice beast
  2876 | D:5      | Reached skill level 6 in Fighting
  2880 | D:5      | Killed Eustachio
  2880 | D:5      | Reached XP level 7. HP: 64/64 MP: 6/6
  3369 | D:5      | Found Kojuseps's Weapon Boutique.
  3540 | D:5      | Reached skill level 7 in Fighting
  3695 | D:6      | Noticed Sigmund
  3708 | D:6      | Killed Sigmund
  3708 | D:6      | Reached skill level 5 in Axes
  3708 | D:6      | Reached XP level 8. HP: 73/73 MP: 7/7
  3748 | D:6      | Found a glowing drain.
  3759 | Sewer    | Entered a sewer
  3850 | Sewer    | Reached **** piety under Trog
  3940 | D:6      | Found a staircase to the Ecumenical Temple.
  4292 | D:6      | Noticed Prince Ribbit
  4314 | D:6      | Killed Prince Ribbit
  4314 | D:6      | Reached skill level 5 in Armour
  4557 | D:7      | Reached skill level 1 in Throwing
  4600 | D:7      | Reached skill level 8 in Fighting
  4609 | D:7      | Reached skill level 5 in Dodging
  4740 | D:7      | Found a sparkling altar of Nemelex Xobeh.
  4744 | D:7      | Found a sacrificial altar of Ru.
  4980 | D:7      | Found a radiant altar of Vehumet.
  4998 | D:7      | Noticed a hippogriff
  5005 | D:7      | Killed a hippogriff
  5005 | D:7      | Reached XP level 9. HP: 59/82 MP: 8/8
  5088 | D:7      | Reached skill level 9 in Fighting
  5158 | D:7      | Got a transparent brass ring
  5159 | D:7      | Identified the ring "Ranyg" {+Inv rPois MR- EV+4 Dex-3}
                  | (You found it on level 7 of the Dungeon)
  5475 | D:8      | Found Ganos's Food Emporium.
  5475 | D:8      | Noticed a two-headed ogre
  5515 | D:8      | Found a radiant altar of Vehumet.
  5576 | D:8      | Got an ancient falchion
  5577 | D:8      | Identified the +1 falchion "Dungugg" {freeze, rElec} (You
                  | found it on level 8 of the Dungeon)
  5615 | D:8      | Found a staircase to the Lair.
  5691 | D:8      | Noticed a two-headed ogre
  5697 | D:8      | Killed a two-headed ogre
  5697 | D:8      | Reached ***** piety under Trog
  5697 | D:8      | Reached skill level 10 in Fighting
  5705 | D:8      | Killed a two-headed ogre
  5705 | D:8      | Reached XP level 10. HP: 93/93 MP: 9/9
  5786 | D:8      | Found a hide-covered altar of Uskayaw.
  5962 | D:8      | Found a white marble altar of Elyvilon.
  5978 | D:8      | Noticed Harold
  5985 | D:8      | Killed Harold
  6169 | D:9      | Found an ancient bone altar of Kikubaaqudgha.
  6172 | D:9      | Found a blossoming altar of Fedhas.
  6241 | D:9      | Found a glowing silver altar of Zin.
  6653 | D:9      | Reached skill level 11 in Fighting
  6653 | D:9      | Reached skill level 10 in Axes
  6922 | D:9      | Found an iron altar of Okawaru.
  6922 | D:9      | Found a hazy altar of Hepliaklqana.
  6923 | D:9      | Found a bloodstained altar of Trog.
  6946 | D:9      | Found a runed translucent gate.
  6946 | D:9      | Found a runed translucent gate.
  6948 | D:9      | Found a runed translucent gate.
  6949 | D:9      | Noticed Neunof's ghost (novice GrMo)
  6949 | D:9      | Identified the +8 rapier "Towiah" {pierce, +Inv SInv}
  6949 | D:9      | Identified the +3 chain mail of Birdsong {Int+3 Dex+2}
  6954 | D:9      | Found a roughly hewn altar of Beogh.
  6989 | D:10     | Entered Level 10 of the Dungeon
  7042 | D:10     | Noticed an unseen horror
  7054 | D:10     | Killed an unseen horror
  7054 | D:10     | Reached skill level 5 in Throwing
  7080 | D:10     | Noticed an unseen horror
  7093 | D:10     | Killed an unseen horror
  7093 | D:10     | Reached XP level 11. HP: 95/102 MP: 10/10
  7981 | D:10     | Noticed a wolf spider
  7989 | D:10     | Killed a wolf spider
  8013 | D:10     | Reached skill level 12 in Fighting
  8134 | D:10     | Noticed a deep elf mage
  8142 | D:10     | Killed a deep elf mage
  8198 | D:11     | HP: 2/105 [orc warrior/+0 glaive (18)]
  8212 | D:11     | Reached skill level 13 in Fighting
  8309 | D:11     | Received a gift from Trog
  8496 | D:11     | Found a stormy altar of Qazlal.
  8613 | D:11     | Found Utiycw's Weapon Shop.
  8775 | D:12     | Noticed a four-headed hydra
  8807 | D:12     | Killed a one-headed hydra
  8807 | D:12     | Reached skill level 14 in Fighting
  9369 | D:12     | Noticed an unseen horror
  9387 | D:12     | Killed an unseen horror
  9403 | D:12     | Reached skill level 15 in Fighting
  9444 | D:12     | Noticed a centaur warrior
  9460 | D:12     | Killed a centaur warrior
  9460 | D:12     | Reached XP level 12. HP: 52/121 MP: 11/11
  9772 | D:12     | Noticed a catoblepas
  9775 | D:12     | Received a gift from Trog
  9779 | D:12     | Killed a catoblepas
  9899 | D:12     | Found a staircase to the Orcish Mines.
 10027 | D:12     | You fall into a shaft and drop 2 floors!
 10073 | D:14     | Noticed a tengu warrior
 10078 | D:14     | Noticed a centaur warrior
 10083 | D:14     | Noticed Rupert
 10085 | D:14     | Killed a centaur warrior
 10090 | D:14     | Reached skill level 5 in Shields
 10101 | D:14     | HP: 5/122 [Rupert/+5 executioner's axe of flaming (6)]
 10102 | D:14     | Killed from afar by an orc priest

Levels and vault maps discovered:
D:1:      dpeg_arrival_chambers_temple_mockup, layout_basic
D:2:      layout_loops_cross, uniq_terence
D:3:      layout_loops_ring, lemuel_coloured_pillars_altar, first_ration,
          doesnt_xom_only_xom
D:4:      layout_basic, uniq_purgy
D:5:      layout_rooms, serial_shops, shop, uniq_eustachio
D:6:      layout_basic, temple_hall, portal_sewer_entry_d, uniq_sigmund,
          uniq_prince_ribbit1
D:7:      layout_loops_ring, nemelex_xobeh_ov_fountains_minmay,
          kennysheep_little_box, basic_altar
D:8:      layout_cave_pools, marbit_many_paths, lemuel_round_altar,
          dpeg_oklobed_lair, serial_shops, shop, vehumet_altar_wand_db,
          uniq_harold
D:9:      layout_loops_corners, grunt_temple_overflow_growth_and_decay,
          gammafunk_temple_overflow_claw, nicolae_overflow_crystal_walls,
          biasface_ghost_orc_armoury
D:10:     layout_stronghold, evilmike_minifort
D:11:     layout_rooms, serial_shops, nicolae_shop_trees, basic_altar
D:12:     layout_basic, zombieorc2_lemuel, david_nohive_1
D:14:     layout_basic, skrybe_vaults_entry_preservation,
          chequers_serial_rivers_room_b, uniq_rupert

Skill      XL: |  1  2  3  4  5  6  7  8  9 10 11 12 |
---------------+-------------------------------------+-----
Fighting       | 4 5 6 7 8 10 11 15 | 15.9
Armour         | 3 4 5 6 8 |  8.9
Shields        | 1 2 3 4 5 |  5.0
Polearms       | 4 |  4.2
Axes           | 1 2 3 5 7 9 10 | 10.5
Dodging        | 3 4 5 6 7 8 |  8.2
Throwing       | 2 3 5 |  5.0
Long Blades    | 2 |  2.3

Action                   |  1- 3 |  4- 6 |  7- 9 | 10-12 || total
-------------------------+-------+-------+-------+-------++-------
Melee: Spear             |    64 |    41 |       |       ||   105
       Headbutt          |     9 |    17 |    41 |    98 ||   165
       Hand axe          |       |    59 |   223 |   422 ||   704
       Falchion          |       |       |    18 |       ||    18
Throw: Stone             |    18 |       |    15 |       ||    33
       Dart              |       |       |       |     1 ||     1
Invok: Berserk           |     1 |     3 |     6 |    13 ||    23
       Brothers in Arms  |       |       |       |     2 ||     2
       Trog's Hand       |       |       |       |     1 ||     1
 Abil: Stop Flying       |       |       |       |     1 ||     1
       Evoke Flight      |       |       |       |     1 ||     1
Evoke: Wand              |       |       |       |     2 ||     2
  Use: Scroll            |       |       |     8 |     4 ||    12
       Potion            |       |       |       |     5 ||     5
 Stab: Sleeping          |       |     2 |       |       ||     2
  Eat: Chunk             |     1 |     8 |    15 |    25 ||    49
       Ration            |       |       |       |     1 ||     1
Armor: Animal skin       |     9 |    14 |     5 |       ||    28
       Ring mail         |       |       |    42 |    92 ||   134
Dodge: Dodged            |    14 |    54 |   129 |   276 ||   473
Block: Buckler           |     3 |    15 |    48 |    99 ||   165
       Rpst.: Falchion   |       |       |     4 |       ||     4
